Map: Central Protocol

Players

Shura (Scarlett)

  • Race: Zerg Zerg
  • League: Grandmaster

Light (SpeCial) - Winner!

  • Race: Terran Terran
  • League: Master

Event: NationWars III

VOD

Have the link to the VOD?

Description

Time

  • Played on: Dec. 10, 2015, 12:06 p.m.
  • Length: 18:57

All games in this series

Show
View Real Time Build Order
Export as new Build Order

Shura Zerg 

Build Orders: Hatch First 

Get SALT Encoding   

  12  0:01  Drone  
  13  0:13  Overlord  
  13  0:19  Drone  
  14  0:31  Drone x2  
  14  0:35  Drone  
  17  0:53  Hatchery  
  17  0:56  Drone  
  17  1:08  Spawning Pool  
  16  1:12  Drone  
  16  1:16  Drone  
  18  1:18  Extractor  
  18  1:21  Drone  
  18  1:28  Drone  
  19  1:39  Overlord  
  19  1:54  Queen  
  19  1:55  Zergling x2  
  22  2:02  Zergling x2  
  22  2:05  Queen  
  22  2:06  Drone  
  27  2:15  Drone  
  27  2:22  Drone  
  28  2:23  Metabolic Boost  
  28  2:24  Overlord  
  28  2:30  Queen  
  28  2:35  Drone  
  32  2:37  Drone  
  32  2:41  Drone  
  33  2:49  Drone x2  
  35  3:00  Drone x2  
  35  3:03  Drone  
  35  3:04  Drone x2  
  40  3:08  Overlord  
  40  3:10  Drone  
  41  3:14  Spore Crawler  
  40  3:22  Overlord  
  40  3:23  Drone x3  
  40  3:27  Roach Warren  
  43  3:29  Overlord, Extractor  
  42  3:34  Extractor  
  41  3:44  Zergling x2  
  41  3:45  Zergling x8  
  46  3:54  Overlord  
  46  4:08  Roach  
  46  4:09  Roach x5  
  58  4:15  Roach x2  
  58  4:16  Roach  
  64  4:28  Roach x4  
  72  4:33  Overlord  
  72  4:38  Overlord  
  72  4:41  Ravager x3  
  75  4:47  Ravager  
  75  4:48  Overlord x2  
  73  5:05  Zergling x12  
  75  5:07  Queen  
  70  5:22  Zergling x4  
  70  5:23  Zergling x2  
  67  5:32  Zergling x4  
  62  5:35  Lair  
  54  5:43  Zergling x2  
  54  5:44  Zergling x4  
  51  5:53  Zergling x2  
  51  5:54  Zergling x2  
  51  6:02  Drone  
  45  6:15  Drone  
  45  6:16  Drone x5  
  49  6:20  Extractor  
  49  6:24  Queen  
  49  6:25  Spore Crawler  
  49  6:33  Overseer  
  49  6:36  Spore Crawler, Spire  
  49  6:37  Drone x5  
  52  6:44  Spore Crawler  
  52  6:47  Spore Crawler  
  50  6:54  Spore Crawler, Queen  
  47  6:55  Spore Crawler  
  47  7:00  Zergling x12  
  49  7:14  Drone x4  
  51  7:25  Drone  
  51  7:26  Drone x2  
  54  7:34  Queen  
  54  7:35  Drone x2  
  57  7:47  Mutalisk x3  
  57  7:50  Overseer  
  63  7:54  Mutalisk  
  65  8:00  Mutalisk x2  
  69  8:06  Mutalisk  
  69  8:10  Zerg Flyer Weapons Level 1  
  69  8:11  Mutalisk  
  73  8:17  Mutalisk  
  75  8:22  Queen  
  77  8:31  Mutalisk x3  
  83  8:52  Drone  
  83  8:55  Hatchery, Evolution Chamber, Roach x2  
  87  9:00  Roach x2  
  90  9:07  Roach  
  90  9:08  Roach x2  
  96  9:18  Overlord  
  96  9:19  Overlord x2  
  96  9:35  Roach  
  96  9:36  Overlord x2  
  98  9:40  Zerg Missile Weapons Level 1  
  98  9:41  Roach  
  98  9:42  Roach x3  
  108  9:52  Roach  
  108  9:53  Roach x3  
  112  10:01  Pneumatized Carapace  
  112  10:18  Ravager  
  113  10:21  Roach  
  113  10:22  Roach x5  
  113  10:26  Ravager x3  
  113  10:27  Ravager x4  
  132  10:32  Roach x2, Zergling x6  
  139  10:42  Overlord x2  
  139  10:43  Glial Reconstitution  
  137  11:03  Zergling x8  
  137  11:04  Zergling x12  
  136  11:16  Roach x4  
  99  11:36  Zergling x10  
  87  11:49  Roach x4  
  70  11:56  Queen  
  70  11:57  Mutalisk x2  
  74  12:01  Mutalisk  
  74  12:04  Ravager x2  
  74  12:07  Mutalisk x2  
  74  12:08  Mutalisk  
  82  12:13  Drone  
  82  12:14  Drone x2  
  87  12:19  Zergling x4  
  89  12:28  Roach  
  91  12:32  Roach x3  
  97  12:37  Extractor  
  97  12:40  Roach  
  97  12:41  Roach x3  
  97  12:43  Ravager x2  
  101  12:54  Overseer  
  101  13:07  Ravager x3  
  101  13:12  Drone x5  
  109  13:26  Zerg Ground Armor Level 1  
  109  13:28  Roach x7  
  109  13:33  Roach  
  120  13:49  Roach x6  
  109  14:22  Roach x7  
  123  14:24  Extractor  
  123  14:25  Drone x2  
  123  14:26  Drone  
  125  14:33  Ravager x5  
  126  14:57  Roach x2  
  126  14:58  Roach x4  
  110  15:23  Mutalisk x2  
  109  15:52  Roach  
  109  15:53  Zerg Ground Armor Level 2  
  111  15:59  Hatchery  
  108  16:18  Mutalisk  
  108  16:19  Mutalisk x2  
  99  16:52  Roach x3  
  75  17:29  Ravager x2  
  75  17:30  Ravager  
  75  17:31  Ravager x2  
  75  17:36  Drone x2  
  80  17:49  Roach x2  
  80  18:12  Extractor  
  78  18:26  Roach  
  78  18:27  Roach x2  
  84  18:28  Roach  
  84  18:29  Roach x3  
Show
View Real Time Build Order
Export as new Build Order

Light Terran - Winner!

Build Orders: Reaper Expand, Hellion Banshee, MMM Bio 

Get SALT Encoding   

  12  0:01  SCV  
  13  0:13  SCV  
  14  0:17  Supply Depot  
  14  0:25  SCV  
  15  0:38  SCV  
  15  0:41  Barracks  
  16  0:44  Refinery  
  16  0:51  SCV  
  17  1:03  SCV  
  18  1:15  SCV  
  19  1:28  Reaper, Orbital Command  
  20  1:42  Command Center  
  20  1:53  Supply Depot, SCV  
  21  2:00  Marine  
  22  2:06  SCV  
  23  2:10  Factory  
  23  2:18  SCV  
  23  2:22  Refinery  
  24  2:23  Barracks Reactor  
  24  2:30  SCV  
  25  2:42  SCV  
  26  2:54  SCV, Orbital Command  
  26  2:57  Starport  
  27  3:06  SCV, Hellion  
  27  3:07  Hellion, Barracks Tech Lab  
  32  3:18  SCV  
  33  3:24  SCV  
  34  3:28  Hellion x2  
  34  3:30  SCV  
  34  3:34  Supply Depot  
  39  3:37  SCV  
  40  3:42  Banshee, Cloaking Field, SCV  
  44  3:48  Barracks Tech Lab  
  44  3:54  SCV  
  45  3:56  Hellion x2  
  45  3:59  Supply Depot  
  45  4:01  SCV  
  50  4:07  Marine  
  51  4:12  SCV  
  51  4:13  SCV  
  53  4:24  SCV  
  53  4:25  SCV  
  53  4:26  Banshee  
  53  4:31  Supply Depot, Bunker  
  57  4:33  Widow Mine  
  57  4:34  Marine  
  60  4:38  SCV  
  60  4:39  SCV  
  60  4:40  Supply Depot  
  62  4:52  SCV x2, Supply Depot, Marine  
  65  5:05  Hellion  
  62  5:09  Medivac  
  62  5:10  Marauder  
  64  5:16  Stimpack  
  58  5:26  Bunker  
  58  5:27  Hellion  
  51  5:31  SCV x2, Marine  
  52  5:39  Banshee  
  49  5:48  SCV x2  
  46  5:50  Marauder  
  41  6:03  SCV x2  
  42  6:14  Hellion x2  
  42  6:15  Bunker  
  42  6:17  Bunker  
  46  6:19  Bunker  
  46  6:20  SCV  
  47  6:31  Banshee  
  50  6:36  Hellion x2, Marine  
  50  6:38  SCV x2  
  57  6:52  SCV x2  
  59  6:55  Marine  
  60  7:09  SCV x2  
  60  7:15  Factory Reactor  
  62  7:18  Barracks  
  62  7:19  Barracks  
  62  7:20  Marine  
  62  7:21  Combat Shields  
  63  7:24  SCV x2  
  63  7:29  Command Center, Starport Reactor  
  62  7:36  SCV x2  
  64  7:38  Marine  
  64  7:44  Engineering Bay  
  65  7:46  Engineering Bay  
  65  7:47  Refinery x2  
  65  7:48  SCV x2  
  67  7:56  Marine  
  68  8:00  SCV x2  
  68  8:03  Factory Reactor  
  70  8:06  Marine x2  
  70  8:12  Barracks  
  72  8:13  SCV x2, Barracks  
  72  8:19  Marine x2  
  74  8:20  Marine  
  74  8:21  Medivac x2  
  74  8:25  Missile Turret  
  81  8:28  Missile Turret  
  81  8:29  Marine x2  
  81  8:31  SCV x2  
  85  8:37  Marine  
  86  8:44  Terran Infantry Weapons Level 1, Terran Infantry Armor Level 1  
  86  8:46  Widow Mine x2  
  90  8:49  SCV x2  
  90  8:55  Orbital Command  
  92  8:59  Marine  
  92  9:01  Marine  
  94  9:05  Marine  
  94  9:06  Marine  
  94  9:07  Marine  
  94  9:09  Barracks Reactor x2  
  97  9:12  SCV  
  97  9:14  SCV, Liberator x2  
  99  9:20  Widow Mine  
  101  9:26  Widow Mine  
  105  9:38  Marine x4  
  109  9:49  Marine  
  109  10:00  Supply Depot x2  
  109  10:04  Liberator x2  
  109  10:06  Marine x2  
  109  10:12  Orbital Command  
  109  10:21  Marine x5  
  109  10:22  Marauder  
  109  10:23  Supply Depot  
  109  10:24  Supply Depot  
  109  10:27  Marine x3  
  125  10:44  SCV x3, Marine x4  
  125  10:47  Liberator  
  132  10:52  Armory, Supply Depot  
  132  10:54  Marine x2  
  111  11:12  Marine  
  111  11:13  Marauder  
  111  11:15  Marine x3  
  111  11:17  Marine x2  
  98  11:20  Marine  
  82  11:28  Widow Mine x2  
  82  11:30  Marine  
  81  11:34  Marine  
  81  11:39  Orbital Command  
  68  11:48  Marine x2  
  68  11:49  Marauder  
  64  11:58  Marine x3  
  67  12:03  Marine  
  67  12:06  Marine  
  69  12:16  Marine x2  
  69  12:21  Medivac  
  73  12:25  Medivac  
  73  12:28  SCV x3  
  76  12:37  Siege Tank  
  76  12:42  Marine x7  
  86  12:48  SCV x3  
  85  12:53  Missile Turret  
  85  13:00  SCV x3  
  85  13:01  Marine x4  
  85  13:04  Marine x2  
  94  13:10  Marine x3  
  94  13:12  SCV x2  
  99  13:16  Siege Tank  
  99  13:19  Marine  
  101  13:20  Marine x3  
  101  13:22  Marine  
  101  13:25  Medivac  
  107  13:27  SCV  
  107  13:30  SCV  
  107  13:33  Marine x2  
  111  13:35  Marine  
  111  13:41  Supply Depot  
  109  13:49  Marine x4  
  109  13:50  Marine x2  
  109  13:53  Marine x2  
  116  13:56  Marine  
  102  14:05  Medivac x2  
  102  14:07  Marine x2  
  108  14:11  Marine x2  
  110  14:22  SCV x2  
  110  14:23  SCV  
  113  14:28  Bunker  
  113  14:29  Siege Tank  
  116  14:34  SCV  
  116  14:37  Terran Infantry Weapons Level 2  
  114  14:44  Marine  
  113  14:48  Marine x2  
  113  14:51  Marine x2  
  116  14:57  Marine  
  116  15:01  Siege Tank  
  101  15:12  Marine x2  
  80  15:22  Marine x3  
  80  15:27  Medivac  
  80  15:28  Medivac  
  85  15:31  Marine  
  85  15:32  Marine  
  85  15:45  Marine x2  
  87  16:00  Marine x2  
  89  16:04  Orbital Command  
  89  16:20  Marine  
  89  16:45  Marine x2  
  90  16:54  Marine x2  
  86  16:56  Marine x3  
  86  16:57  Marine x2  
  85  17:02  Marine x2  
  75  17:11  Siege Tank, Marine  
  75  17:12  Marine  
  75  17:13  Marine x2  
  75  17:14  Marine x2  
  75  17:15  Marine  
  83  17:20  Marine x2  
  84  17:29  Marine x2  
  83  17:31  Marine x3  
  83  17:32  Marine x2  
  83  17:33  Medivac x2  
  90  17:38  Marine x2  
  92  17:47  Marine x2  
  92  17:48  SCV  
  92  17:49  Marine x2  
  96  17:59  Marine  
  96  18:00  Marine x2  
  96  18:05  Marine x2  
  101  18:08  Marine  
  102  18:16  Supply Depot  
  102  18:37  Marine x6  
Tags
 
Add a new tag
Caveats
  • Supply blocks, unpowered buildings, or Contaminate may cause inaccurate times.
  • Supply counts are checked every 10 seconds.